 Dungeon Crawl Stone Soup version 0.28-a0-1624-g820543e53a (webtiles) character file.

Game seed: 14347866153104859055

12 oldriver the Stinger (level 2, 0/22 HPs)
             Began as a Naga Venom Mage on Jan 24, 2022.
             Killed from afar by Natasha (5 damage)
             ... with a magic dart
             ... on level 2 of the Dungeon.
             The game lasted 00:00:50 (911 turns).

oldriver the Stinger (Naga Venom Mage)               Turns: 911, Time: 00:00:51

Health: 0/22       AC:  1    Str: 10    XL:     2   Next: 33%
Magic:  0/5        EV: 10    Int: 15    God:
Gold:   62         SH:  0    Dex: 11    Spells: 2/5 levels left

rFire   . . .      SeeInvis +   (no weapon)
rCold   . . .      Faith    .   (no shield)
rNeg    . . .      Spirit   .   a - +0 robe
rPois   +          Reflect  .   (no helmet)
rElec   .          Harm     .   (no cloak)
rCorr   .          Rampage  .   (no gloves)
Will    .....                   (no barding)
Stlth   ++........              (no amulet)
HPRegen 0.07/turn               (no ring)
MPRegen 0.09/turn               (no ring)

@: brilliant, hasted, quick
A: AC +0, large, see invisible, deformed body, poison resistance, slowness 2,
spit poison 1, naga tail 1
a: Spit Poison


You were on level 2 of the Dungeon.
You visited 1 branch of the dungeon, and saw 2 of its levels.

You collected 62 gold pieces.

Inventory:

Armour
 a - a +0 robe (worn)
Scrolls
 b - a scroll of blinking {unknown}
 e - 4 scrolls of fog {unknown}


   Skills:
 + Level 1.8 Dodging
 + Level 3.4 Stealth
 + Level 2.2 Spellcasting
 - Level 1.0 Transmutations
 + Level 4.2 Poison Magic


You had 2 spell levels left.
You knew the following spells:

 Your Spells              Type           Power      Damage    Failure   Level
a - Sting                 Tmut/Pois      56%        1d5       8%          1
b - Poisonous Vapours     Pois/Air       24%        N/A       14%         2

Your spell library contained the following spells:

 Spells                   Type           Power      Damage    Failure   Level
 Mephitic Cloud           Conj/Pois/Air  8%         N/A       36%         3
 Olgreb's Toxic Radiance  Pois           21%        N/A       36%         4


Dungeon Overview and Level Annotations

Branches:
Dungeon (2/15)

Altars:

Shops:
D:1 (

Annotations:
D:2 Natasha


Innate Abilities, Weirdness & Mutations

Your serpentine skin is tough. (AC +0)
You have supernaturally acute eyesight. (SInv)
Armour fits poorly on your strangely shaped body.
Your system is resistant to poisons. (rPois)
You cover ground very slowly.
You can spit poison.
You have a snake-like lower body.


Message History

Aiming: Sting (safe; 8% risk of failure)
Press: ? - help, Shift-Dir - straight line, f/p - Natasha
Aim: Natasha (moderately wounded, poisoned, 60% to hit)
The sting hits Natasha.
Natasha looks even sicker.
Natasha is heavily wounded.
Natasha claws you.
Unknown command.
Casting: Sting (safe; 8% risk of failure)
Confirm with . or Enter, or press ? or * to list all spells.
Aiming: Sting (safe; 8% risk of failure)
Press: ? - help, Shift-Dir - straight line, f/p - Natasha
Aim: Natasha (heavily wounded, very poisoned, 60% to hit)
The sting hits Natasha.
Natasha looks even sicker.
Natasha is heavily wounded.
Natasha claws you.
* * * LOW HITPOINT WARNING * * *
Casting: Sting (safe; 8% risk of failure)
Confirm with . or Enter, or press ? or * to list all spells.
Aiming: Sting (safe; 8% risk of failure)
Press: ? - help, Shift-Dir - straight line, f/p - Natasha
Aim: Natasha (heavily wounded, very poisoned, 60% to hit)
The sting misses Natasha.
Natasha barely misses you.
Unknown command.
Casting: Sting (safe; 8% risk of failure)
Confirm with . or Enter, or press ? or * to list all spells.
Aiming: Sting (safe; 8% risk of failure)
Press: ? - help, Shift-Dir - straight line, f/p - Natasha
Aim: Natasha (heavily wounded, very poisoned, 60% to hit)
The sting hits Natasha but does no damage.
Natasha looks as sick as possible!
Natasha is heavily wounded.
Natasha completely misses you.
Okay, then.
It was a potion of brilliance.
You feel clever all of a sudden. Natasha closely misses you.
It was a potion of haste.
You feel yourself speed up.
Natasha stares at you and mumbles some strange words.
The magic dart hits you.
You die...

#.#####
#.h...#
#####h# #5#
#.#
###########.#
#...........#
#h###########
#@# ###


You could see Natasha (extremely poisoned).

Vanquished Creatures
  An adder (D:2)
  A hobgoblin (D:1)
  A ball python (D:1)
  2 frilled lizards (D:1)
5 creatures vanquished.

Notes
Turn   | Place    | Note
-------+----------+-------------------------------------------
     0 | D:1      | oldriver the Naga Venom Mage began the quest for the Orb.
     0 | D:1      | Reached XP level 1. HP: 15/15 MP: 3/3
   261 | D:1      | Found Pusydan's Antique Weapon Shoppe.
   735 | D:2      | Reached XP level 2. HP: 22/22 MP: 0/5
   798 | D:2      | Noticed Natasha
   805 | D:2      | Learned a level 2 spell: Poisonous Vapours
   911 | D:2      | Killed from afar by Natasha

Illustrated notes

Levels and vault maps discovered:
D:1:      psy_arrival_conway, layout_loops_ring, serial_shops, shop
D:2:      layout_basic, nicolae_ecumenical_oubliette, eino_curves_02,
          uniq_crazy_yiuf_cottage, uniq_natasha

Action                   || total
-------------------------++-------
 Cast: Sting             ||    14
       Poisonous Vapours ||     2
  Use: Potion            ||     2
Dodge: Dodged            ||     7

Table legend: (Time is in decaauts)
 A = Elapsed time spent in this place.
 B = Non-inter-level travel time spent in this place.
 C = Inter-level travel time spent in this place.
 D = Time resting spent in this place.
 E = Time spent auto-exploring this place.
 F = Levels seen in this place.
 G = Mean time per level.
                   A        B        C        D        E       F      G
               +--------+--------+--------+--------+--------+-----+--------+
         Total |   1188 |   1167 |     21 |     68 |    991 |   2 |  594.0 |
       Dungeon |   1188 |   1167 |     21 |     68 |    991 |   2 |  594.0 |
               +--------+--------+--------+--------+--------+-----+--------+

Top non-repeatable levels by time:
     D:1: 1046 daAuts
     D:2: 142 daAuts
